 Dungeon Crawl Stone Soup version 0.31-a0-1027-gfb7600b (webtiles) character file.

Game seed: 11912969815355898887

309 soulfreshner the Vexing (level 6, -7/49 HPs)
             Began as a Naga Enchanter on Nov 18, 2023.
             Engulfed by a steam dragon's steam (12 damage)
             ... on level 4 of the Dungeon.
             The game lasted 00:20:16 (3745 turns).

soulfreshner the Vexing (Naga Enchanter)            Turns: 3745, Time: 00:20:17

Health: -7/49      AC:  8    Str: 10    XL:     6   Next: 41%
Magic:  0/9        EV: 10    Int: 17    God:
Gold:   158        SH:  0    Dex: 12    Spells: 1/9 levels left

rFire   . . .        a - +1 dagger
rCold   . . .        (no shield)
rNeg    . . .        d - +2 robe {Will+}
rPois   +            (no helmet)
rElec   .            (no cloak)
rCorr   .            j - +2 pair of gloves
SInv    +            (no barding)
Will    +....        k - amulet of the acrobat
Stlth   +++          (no ring)
HPRegen 0.28/turn    (no ring)
MPRegen 0.11/turn

%: acrobat
@: confusing by touch, invisible, very slow
A: AC +2, large, see invisible, deformed body, poison resistance, slowness 2,
spit poison 1, naga tail 1
a: Spit Poison


You were on level 4 of the Dungeon.
You visited 1 branch of the dungeon, and saw 4 of its levels.

You collected 158 gold pieces.

Inventory:

Hand Weapons
 a - a +1 dagger (weapon)
 p - a +0 short sword of holy wrath
Missiles
 m - 3 poisoned darts (quivered)
Armour
 b - a +1 robe
 d - a +2 robe of willpower (worn)
 j - a +2 pair of gloves (worn)
Jewellery
 k - an amulet of the acrobat (around neck)
Talismans
 e - a beast talisman
Scrolls
 h - 2 scrolls of teleportation
 l - a scroll of enchant armour
 o - a scroll of acquirement {unknown}
 q - a scroll of amnesia {unknown}
Potions
 f - 3 potions of curing
 g - a potion of degeneration {unknown}
 i - a potion of attraction {unknown}
 n - a potion of lignification {unknown}


   Skills:
 + Level 2.4 Short Blades
 - Level 1.5 Dodging
 - Level 4.4 Stealth
 + Level 2.0 Spellcasting
 + Level 6.1 Hexes
 - Level 2.0 Ice Magic


You had one spell level left.
You knew the following spells:

 Your Spells              Type           Power      Damage    Failure   Level
a - Ensorcelled Hibernat  Hex/Ice        30%        N/A       5%          2
b - Confusing Touch       Hex            22%        N/A       4%          3
c - Tukima's Dance        Hex            22%        N/A       4%          3

Your spell library contained the following spells:

 Spells                   Type           Power      Damage    Failure   Level
 Dazzling Flash           Conj/Hex       24%        N/A       17%         3


Dungeon Overview and Level Annotations

Branches:
Dungeon (4/15)
 Temple: D:4-7

Altars:
Dithmenos
Xom


Innate Abilities, Weirdness & Mutations

Your serpentine skin is tough. (AC +2)
You have supernaturally acute eyesight. (SInv)
Armour fits poorly on your strangely shaped body.
Your system is resistant to poisons. (rPois)
You cover ground very slowly.
You can spit poison.
You have a snake-like lower body.


Message History

Press: ? - help, Shift-Dir - straight line, f - steam dragon
Aim: a steam dragon (chance to affect: 49%)
The steam dragon resists with some effort.
The steam dragon breathes steam at you. The ball of steam hits you!
Casting: Ensorcelled Hibernation (safe; 5% risk of failure)
Confirm with . or Enter, or press ? or * to list all spells.
Aiming: Ensorcelled Hibernation (safe; 5% risk of failure)
Press: ? - help, Shift-Dir - straight line, f/p - steam dragon
Aim: a steam dragon (catching its breath, chance to affect: 49%)
The steam dragon resists with some effort.
You are engulfed in a cloud of scalding steam.
The steam dragon bites you but does no damage.
The steam dragon claws you but does no damage.
Casting: Ensorcelled Hibernation (safe; 5% risk of failure)
Confirm with . or Enter, or press ? or * to list all spells.
Aiming: Ensorcelled Hibernation (safe; 5% risk of failure)
Press: ? - help, Shift-Dir - straight line, f/p - steam dragon
Aim: a steam dragon (catching its breath, chance to affect: 49%)
The steam dragon looks drowsy...
You are engulfed in a cloud of scalding steam.
The helpless steam dragon fails to defend itself.
You puncture the steam dragon!
The steam dragon is heavily wounded.
You are engulfed in a cloud of scalding steam.
The steam dragon barely misses you.
The steam dragon claws you but does no damage.
Casting: Ensorcelled Hibernation (safe; 5% risk of failure)
Confirm with . or Enter, or press ? or * to list all spells.
Your hands begin to glow red.
You are engulfed in a cloud of scalding steam.
The steam dragon closely misses you. The steam dragon claws you.
You hit the steam dragon but do no damage.
The steam dragon is heavily wounded.
The steam dragon breathes steam at you. The ball of steam hits you!
* * * LOW HITPOINT WARNING * * *
You fade into invisibility!
You are engulfed in a cloud of scalding steam.
You die...

. D . ##.
.. .D
#.##.####
#.....#.#
#.....#@#
#.>...D.#
#...#.#.#
#. #.#.#
#.#.#
#.#.#
#.#.#
#.#.#
##.#.#


You could see a steam dragon (unable to see you).

Vanquished Creatures
  Sigmund (D:3)
  An orc wizard (D:3)
  2 adders (D:2)
  2 worms
  2 dart slugs
  8 orcs (D:3)
  8 ball pythons
  12 bats
  5 endoplasms
  2 giant cockroaches
  9 hobgoblins
  4 kobolds
  3 quokkas
  3 frilled lizards (D:1)
  17 goblins
  8 rats
87 creatures vanquished.

Notes
Turn   | Place    | Note
-------+----------+-------------------------------------------
     0 | D:1      | soulfreshner the Naga Enchanter began the quest for the
                  | Orb.
     0 | D:1      | Reached XP level 1. HP: 15/15 MP: 3/3
   196 | D:1      | Reached XP level 2. HP: 14/22 MP: 5/5
   199 | D:1      | Learned a level 2 spell: Ensorcelled Hibernation
   850 | D:1      | Reached XP level 3. HP: 25/28 MP: 6/6
   959 | D:1      | Reached skill level 1 in Ice Magic
  1647 | D:2      | Learned a level 3 spell: Confusing Touch
  1957 | D:2      | Reached XP level 4. HP: 36/36 MP: 4/7
  2300 | D:3      | Noticed Sigmund
  2522 | D:3      | Killed Sigmund
  2523 | D:3      | Reached skill level 5 in Hexes
  2523 | D:3      | Reached XP level 5. HP: 38/42 MP: 1/8
  2523 | D:3      | Reached XP level 6. HP: 45/49 MP: 1/9
  2878 | D:3      | Found a shadowy altar of Dithmenos.
  3015 | D:3      | Reached skill level 6 in Hexes
  3168 | D:3      | Learned a level 3 spell: Tukima's Dance
  3509 | D:3      | Found a shimmering altar of Xom.
  3727 | D:4      | Noticed a steam dragon
  3745 | D:4      | Engulfed by a steam dragon's steam

Illustrated notes

Levels and vault maps discovered:
D:1:      minmay_arrival_diagonal_passages, layout_basic
D:2:      cheibrodos_greedy_goblins, layout_basic
D:3:      layout_basic, tgw_xom, mainiacjoe_overflow_catwalk,
          grunt_ministairs_7, minmay_quantized, uniq_sigmund
D:4:      layout_basic, mainiacjoe_overflow_divided_tiny, serial_shops,
          nicolae_shop_real_fake_doors, uniq_eustachio

Skill      XL: |  1  2  3  4  5  6 |
---------------+-------------------+-----
Short Blades   | 2 |  2.4
Ice Magic      | 1 2 |  2.0
Hexes          | 5 6 |  6.1
Dodging        | |  1.5
Stealth        | |  4.4
Spellcasting   | |  2.0

Action                     |  1- 3 |  4- 6 || total
---------------------------+-------+-------++-------
  Melee: Dagger            |    45 |   105 ||   150
         Punch             |       |     1 ||     1
  Throw: Dart              |       |     1 ||     1
   Cast: Ensorcelled Hiber |    17 |    29 ||    46
         Confusing Touch   |       |     1 ||     1
Ability: Spit Poison       |    42 |    26 ||    68
    Use: Scroll            |       |     4 ||     4
         Potion            |       |     2 ||     2
   Stab: Sleeping          |    13 |    18 ||    31
         Invisible         |       |     2 ||     2
 Armour: Robe              |    43 |    67 ||   110
  Dodge: Dodged            |    21 |    62 ||    83

Table legend: (Time is in decaauts)
 A = Elapsed time spent in this place.
 B = Non-inter-level travel time spent in this place.
 C = Inter-level travel time spent in this place.
 D = Time resting spent in this place.
 E = Time spent auto-exploring this place.
 F = Levels seen in this place.
 G = Mean time per level.
                   A        B        C        D        E       F      G
               +--------+--------+--------+--------+--------+-----+--------+
         Total |   4705 |   4393 |    312 |      0 |   3615 |   4 | 1176.2 |
       Dungeon |   4705 |   4393 |    312 |      0 |   3615 |   4 | 1176.2 |
               +--------+--------+--------+--------+--------+-----+--------+

Top non-repeatable levels by time:
     D:2: 1619 daAuts
     D:1: 1524 daAuts
     D:3: 1521 daAuts
     D:4: 40 daAuts
